 Dungeon Crawl Stone Soup version 0.22-a0-799-g88f5e90 (console) character file.

13569 removed the Basher (level 11, -1/94 HPs)
             Began as a Grey Draconian Wanderer on July 21, 2018.
             Was a High Priest of Okawaru.
             Slain by an ice devil (18 damage)
             ... on level 11 of the Dungeon.
             The game lasted 00:29:19 (15148 turns).

removed the Basher (Grey Draconian Wanderer)       Turns: 15148, Time: 00:29:20

Health: -1/94      AC: 22    Str: 16    XL:     11   Next: 77%
Magic:  12/14      EV: 23    Int:  9    God:    Okawaru [*****.]
Gold:   515        SH:  0    Dex: 19    Spells: 10/10 levels left

rFire    . . .     SeeInvis .   a - +2 morningstar (protect)
rCold    . . .     Gourm    .   (no shield)
rNeg     . . .     Faith    .   (armour unavailable)
rPois    +         Spirit   .   (helmet restricted)
rElec    .         Reflect  .   G - +0 cloak
rCorr    .         Harm     .   E - +1 pair of gloves {Str+3}
MR       +....                  (no boots)
Stlth    ++++......             (no amulet)
HPRegen  0.25/turn              o - ring of protection from magic
MPRegen  0.14/turn              M - ring of poison resistance

@: heroism, protection aura, slowed, very slow
A: walk through water, unfitting armour, unbreathing, cold-blooded, AC +12
a: Heroism, Finesse, Renounce Religion


You were on level 11 of the Dungeon.
You worshipped Okawaru.
Okawaru was extremely pleased with you.
You were not hungry.

You visited 1 branch of the dungeon, and saw 11 of its levels.

You collected 515 gold pieces.

Inventory:

Hand Weapons
 a - a +2 morningstar of protection (weapon)
 b - a +2 quarterstaff of chaos
 c - a +0 shortbow
 e - a +2 dagger
 A - a +2 hand axe of draining
 J - a +0 quarterstaff
 Y - a +2 whip of freezing
Missiles
 d - 316 arrows
Armour
 E - a +1 pair of gloves of strength (worn)
 G - a +0 cloak (worn)
Jewellery
 o - a ring of protection from magic (left hand)
 M - a ring of poison resistance (right hand)
 S - an uncursed ring of positive energy
Wands
 I - a wand of scattershot (3)
 U - a wand of clouds (3)
 Z - a wand of digging (12)
Scrolls
 l - 9 scrolls of remove curse
 p - 6 scrolls of teleportation
 u - 2 scrolls of amnesia {unknown}
 w - 3 scrolls of magic mapping
 y - a scroll of enchant weapon {unknown}
 F - a scroll of identify
 K - a scroll of fog {unknown}
 L - a scroll of random uselessness {unknown}
 N - a scroll of acquirement {unknown}
 V - a scroll of blinking {unknown}
 W - a scroll of enchant armour {unknown}
Potions
 h - 12 potions of curing
 j - a potion of haste
 r - a potion of resistance
 t - 2 potions of brilliance
 v - 2 potions of lignification
 B - a potion of might
 H - a potion of cancellation
 O - a potion of invisibility {unknown}
 P - a potion of ambrosia {unknown}
 Q - a potion of agility {unknown}
 R - a potion of mutation {unknown}
 T - a potion of flight {unknown}
 X - a potion of degeneration {unknown}
Comestibles
 f - 28 rations


   Skills:
 - Level 8.1(13.1) Fighting
 + Level 13.6(19.0) Maces & Flails
 - Level 6.1(15.8) Staves
 - Level 1.0(6.0) Throwing
 - Level 8.0(13.0) Dodging
 - Level 2.6(7.6) Stealth
 - Level 4.4 Invocations


You had 10 spell levels left.
You didn't know any spells.
Your spell library contained the following spells:

 Spells                   Type           Power        Failure   Level  Hunger
 Mephitic Cloud           Conj/Pois/Air  #.......     77%         3    ####...
 Venom Bolt               Conj/Pois      #.........   100%        5    ######.
 Olgreb's Toxic Radiance  Pois           #.......     99%         4    #####..
 Sting                    Conj/Pois      #...         38%         1    ##.....
 Poisonous Vapours        Pois/Air       #.....       52%         2    ###....


Dungeon Overview and Level Annotations

Branches:
Dungeon (11/15)            Temple (0/1) D:7            Lair (0/6) D:9
    Orc (0/2) D:11

Altars:
Dithmenos
Fedhas
Hepliaklqana
Kikubaaqudgha
Nemelex Xobeh
Okawaru
Ru
Trog

Shops:
D:6 =

Portals:
Ice
Cave: D:11

Annotations:
D:3 exclusion: downstairs
D:4 exclusion: slave
D:10 exclusion: ugly thing


Innate Abilities, Weirdness & Mutations

You can walk through water.
Your dull iron-grey scales are very hard. (AC +12)
You cannot fit into any form of body armour.
You can survive without breathing.
You are cold-blooded and may be slowed by cold attacks.


Message History

You tail-slap the ice devil, but do no damage.
The ice devil is heavily wounded.
You feel yourself speed up. The ice devil hits you. The ice devil freezes you!
You feel yourself slow down.
* * * LOW HITPOINT WARNING * * *
The ice devil completely misses you.
You hit the ice devil but do no damage. You tail-slap the ice devil.
The ice devil is heavily wounded.
The ice devil hits you but does no damage.
The ice devil completely misses you.
Unknown command.
You hit the ice devil but do no damage.
Your tail-slap misses the ice devil.
The ice devil is heavily wounded.
You feel yourself speed up. The ice devil misses you. The ice devil hits you!
* * * LOW HITPOINT WARNING * * *
The ice devil freezes you!!
You feel yourself slow down.
You die...

*** *,* **** *,* ******,,*
*#####,* **** ,,,,,,,,**###***
#......# *,,,
,,,,,,,,,*#...,*#####.....<###,,,
******,,,*#....##.+...........,,,
,,,,,*,,,*#∩...4@4#...........,,,
,,,,,*,,,*#....##.'.##........,,,
,,,,,+,,,*#...,*###..#........,,,
,,,,,*,,,*###*** #..#........,,,
,,,,,****#######* #..').......,,,
,,,,,,,,+.......######).......,,,
,,,,,,,,*.....((..((()).......***
,,,,,,,,*.....########(#######*,,
,,,,,,,,*+##,,*,,,,,,#.#,,,,,,,,,


You could see 2 ice devils.

Vanquished Creatures
  A hydra (D:9)
  2 two-headed ogres (D:10)
  Pikel (D:4)
  Maurice (D:9)
  Joseph (D:7)
  A centaur zombie (D:11)
  3 trolls (D:9)
  2 slime creatures (D:6)
  2 dream sheep (D:9)
  A hippogriff (D:10)
  Sigmund (D:5)
  A wyvern (D:10)
  Eustachio (D:6)
  15 yaks
  A wraith (D:10)
  A hungry ghost (D:9)
  3 water moccasins
  2 ice beasts
  2 orc warriors
  2 phantoms
  2 black bears (D:7)
  A necrophage (D:10)
  6 sky beasts
  3 ogres
  7 centaurs
  2 wolves (D:9)
  Blork the orc (D:6)
  4 big kobolds
  8 bullfrogs
  A scorpion (D:4)
  5 killer bees (D:10)
  3 wights (D:8)
  2 howler monkeys
  4 electric eels (D:9)
  3 crimson imps
  13 hounds
  5 jellies
  8 orc priests
  7 orc wizards
  Crazy Yiuf (D:4)
  A bullfrog skeleton (D:4)
  A centaur skeleton (D:7)
  A gnoll shaman (D:5)
  An iguana (D:9)
  4 worker ants
  2 hound zombies
  2 hound skeletons
  3 worker ant zombies
  A howler monkey zombie (D:5)
  8 gnolls
  14 adders
  4 shadow imps
  7 oozes
  An adder zombie (D:8)
  A worm (D:2)
  2 dart slugs
  4 leopard geckos
  29 orcs
  A ball python (D:3)
  2 giant cockroaches
  6 goblins
  14 hobgoblins
  9 jackals
  6 quokkas
  4 bats (D:1)
  3 frilled lizards
  16 kobolds
  11 rats
288 creatures vanquished.

Vanquished Creatures (others)
  4 fungi (D:6)
  14 plants
  8 toadstools (D:6)
26 creatures vanquished.

Grand Total: 314 creatures vanquished

Notes
Turn   | Place    | Note
-------+----------+-------------------------------------------
     0 | D:1      | removed the Draconian Wanderer began the quest for the Orb.
     0 | D:1      | removed set off with: a +2 dagger, a potion of berserk rage, a +0 shortbow, 29 arrows, a +0 quarterstaff, a ration
     0 | D:1      | Reached XP level 1. HP: 22/22 MP: 1/1
   262 | D:1      | Reached XP level 2. HP: 27/28 MP: 2/2
   953 | D:1      | Reached XP level 3. HP: 34/34 MP: 3/3
  1221 | D:2      | Found a faded altar of an unknown god.
  1649 | D:2      | Found an iron altar of Okawaru.
  1659 | D:2      | Became a worshipper of Warmaster Okawaru
  1959 | D:3      | Reached XP level 4. HP: 38/41 MP: 4/4
  2752 | D:3      | Reached skill level 5 in Staves
  2752 | D:3      | Reached XP level 5. HP: 31/47 MP: 5/5
  3704 | D:4      | Reached * piety under Okawaru
  3813 | D:4      | Reached XP level 6. HP: 49/53 MP: 6/6
  3854 | D:4      | Reached skill level 1 in Dodging
  4344 | D:4      | Noticed Pikel
  4344 | D:4      | Noticed a slave
  4344 | D:4      | Noticed a slave
  4346 | D:4      | Noticed a slave
  4805 | D:4      | Found a runed door.
  4840 | D:4      | Found an ancient bone altar of Kikubaaqudgha.
  4934 | D:4      | Your scales start taking on a dull iron-grey colour.
  4934 | D:4      | Reached XP level 7. HP: 36/60 MP: 7/7
  4934 | D:4      | Gained mutation: You can survive without breathing. [Grey Draconian growth]
  5459 | D:5      | Entered Level 5 of the Dungeon
  5589 | D:5      | Noticed Sigmund
  5597 | D:5      | Killed Sigmund
  5597 | D:5      | Reached ** piety under Okawaru
  5597 | D:5      | Reached skill level 5 in Dodging
  5702 | D:5      | Reached XP level 8. HP: 40/67 MP: 8/10
  6173 | D:5      | Found a sparkling altar of Nemelex Xobeh.
  6246 | D:5      | Reached skill level 5 in Fighting
  6824 | D:6      | Noticed Eustachio
  6836 | D:6      | Killed Eustachio
  6915 | D:4      | Noticed Crazy Yiuf
  6917 | D:4      | Killed Crazy Yiuf
  7014 | D:4      | Killed Pikel
  7014 | D:4      | Reached *** piety under Okawaru
  7014 | D:4      | Reached XP level 9. HP: 67/75 MP: 9/12
  7132 | D:6      | Found Plog's Jewellery Emporium.
  7187 | D:6      | Reached skill level 2 in Maces & Flails
  7233 | D:6      | Reached skill level 3 in Maces & Flails
  7278 | D:6      | Noticed Blork the orc
  7419 | D:6      | Found a sacrificial altar of Ru.
  7587 | D:6      | Reached **** piety under Okawaru
  7637 | D:6      | Reached skill level 4 in Maces & Flails
  7682 | D:6      | Received a gift from Okawaru
  7945 | D:6      | Reached skill level 5 in Maces & Flails
  8219 | D:6      | Found a hazy altar of Hepliaklqana.
  8592 | D:6      | Reached skill level 6 in Maces & Flails
  8753 | D:6      | Killed Blork the orc
  8823 | D:7      | Reached skill level 7 in Maces & Flails
  8834 | D:7      | Noticed Joseph
  8892 | D:7      | Killed Joseph
  8892 | D:7      | Reached skill level 8 in Maces & Flails
  9014 | D:7      | Reached XP level 10. HP: 81/84 MP: 13/13
  9038 | D:7      | Found a staircase to the Ecumenical Temple.
  9079 | D:7      | Found a bloodstained altar of Trog.
  9104 | D:7      | Found a shadowy altar of Dithmenos.
  9746 | D:8      | Reached ***** piety under Okawaru
  9827 | D:8      | Found a blossoming altar of Fedhas.
 10746 | D:9      | Noticed Maurice
 10772 | D:9      | Killed Maurice
 10976 | D:9      | Reached skill level 9 in Maces & Flails
 11068 | D:9      | Found a staircase to the Lair.
 11235 | D:9      | Received a gift from Okawaru
 11529 | D:9      | Reached skill level 10 in Maces & Flails
 12275 | D:9      | Received a gift from Okawaru
 12560 | D:9      | Noticed a three-headed hydra
 12574 | D:9      | Killed a three-headed hydra
 12574 | D:9      | Reached skill level 11 in Maces & Flails
 12574 | D:9      | Reached XP level 11. HP: 56/94 MP: 14/14
 13351 | D:10     | Entered Level 10 of the Dungeon
 13469 | D:10     | Noticed a two-headed ogre
 13478 | D:10     | Killed a two-headed ogre
 13478 | D:10     | Reached skill level 12 in Maces & Flails
 13497 | D:10     | Received a gift from Okawaru
 13789 | D:10     | Noticed a red ugly thing
 13916 | D:10     | Noticed a two-headed ogre
 13931 | D:10     | Killed a two-headed ogre
 14494 | D:10     | Reached skill level 13 in Maces & Flails
 14789 | D:11     | Received a gift from Okawaru
 15137 | D:11     | Found a frozen archway.
 15148 | D:11     | Slain by an ice devil

Vault maps used:
D:1:      dpeg_arrival_lava_temple_mockup
D:2:      okawaru_trees_2, first_ration, chequers_ecumenical_altar_simple_redux
D:3:      hex_intersection, minmay_vboxes
D:4:      lemuel_doored_altar, uniq_pikel, uniq_crazy_yiuf_cottage
D:5:      basic_altar, hangedman_abyss_or_decor_passed, glass_columns_b,
          small_statue_intersection, uniq_sigmund
D:6:      cheibrodos_fertilizer, hangedman_ru_absence, kennysheep_little_box,
          serial_shops, shop, uniq_blork_the_orc, uniq_eustachio
D:7:      trog_ov_bears_minmay, minmay_temple_entry_water_ring,
          grunt_dithmenos_smoke, uniq_joseph
D:8:      fedhas_altar_decomposition
D:9:      erik_lair_island, hangedman_ranch, serial_bayou_pond_c,
          small_statue_intersection, nicolae_water_bricks,
          kennysheep_windowed_goal, uniq_maurice
D:11:     hiddenorc2_lemuel, portal_ice_cave_demonic_guard,
          eino_small_chamber_without_monster, hangedman_decor_peaks_small,
          minmay_statue_bubble

Skill      XL: |  1  2  3  4  5  6  7  8  9 10 11 |
---------------+----------------------------------+-----
Staves         | 2 3 4 5 6 |  6.1
Dodging        | 3 5 7 8 |  8.0
Invocations    | 3 4 |  4.4
Fighting       | 6 8 |  8.1
Maces & Flails | 8 11 13 | 13.6
Throwing       | |  1.0
Stealth        | |  2.6

Action                   |  1- 3 |  4- 6 |  7- 9 | 10-12 || total
-------------------------+-------+-------+-------+-------++-------
Melee: Quarterstaff      |   128 |   184 |   258 |    31 ||   601
       Tailslap          |    10 |    15 |    58 |   147 ||   230
       Whip              |       |       |    91 |   382 ||   473
       Punch             |       |       |     3 |     6 ||     9
       Morningstar       |       |       |       |   306 ||   306
Invok: Heroism           |       |       |     4 |     6 ||    10
Evoke: Wand              |       |       |     4 |     2 ||     6
  Use: Potion            |       |     1 |       |     2 ||     3
       Scroll            |       |       |    10 |     1 ||    11
 Stab: Sleeping          |     6 |     3 |     6 |     7 ||    22
       Distracted        |       |       |       |     4 ||     4
       Confused          |       |       |       |     1 ||     1
  Eat: Chunk             |     3 |    10 |    13 |    21 ||    47
Armor: Skin              |    35 |    32 |    82 |   179 ||   328
Dodge: Dodged            |    66 |   104 |   240 |   508 ||   918

Table legend:
 A = Spawn XP
 B = Non-spawn XP
 C = Spawn XP percentage of total XP
 D = Spawn monster count
 E = Non-spawn monster count
 F = Spawn count percentage of total count
 G = Total turns spent on level
                    A         B        C        D         E        F      G
               +---------+---------+-------+---------+---------+-------+---------
         Total |       0 |   19385 |   0.0 |       0 |     288 |   0.0 | 15148
               +---------+---------+-------+---------+---------+-------+---------
           D:1 |       0 |      47 |   0.0 |       0 |      26 |   0.0 |  1212
           D:2 |       0 |      69 |   0.0 |       0 |      20 |   0.0 |  1254
           D:3 |       0 |     202 |   0.0 |       0 |      29 |   0.0 |  1321
           D:4 |       0 |    1083 |   0.0 |       0 |      19 |   0.0 |  1857
           D:5 |       0 |    1297 |   0.0 |       0 |      25 |   0.0 |  1552
           D:6 |       0 |    1906 |   0.0 |       0 |      32 |   0.0 |  1623
           D:7 |       0 |    1140 |   0.0 |       0 |      10 |   0.0 |   465
           D:8 |       0 |     780 |   0.0 |       0 |      20 |   0.0 |  1147
           D:9 |       0 |    5871 |   0.0 |       0 |      60 |   0.0 |  2920
          D:10 |       0 |    5140 |   0.0 |       0 |      37 |   0.0 |  1421
          D:11 |       0 |    1850 |   0.0 |       0 |      10 |   0.0 |   376
               +---------+---------+-------+---------+---------+-------+---------
